 Dungeon Crawl Stone Soup version 0.25.0-9-g26727b657a (webtiles) character file.

Game seed: 13622879159081385256

164 funkygono the Firebug (level 5, -3/30 HPs)
             Began as a Gargoyle Fire Elementalist on June 21, 2020.
             Slain by a centaur (4 damage)
             ... on level 4 of the Dungeon.
             The game lasted 00:08:42 (3494 turns).

funkygono the Firebug (Gargoyle Fire Elementalist)  Turns: 3494, Time: 00:08:43

Health: -3/30      AC: 12    Str: 12    XL:     5   Next: 45%
Magic:  5/8        EV: 10    Int: 22    God:
Gold:   160        SH:  0    Dex: 10    Spells: 3/9 levels left

rFire    + . .     SeeInvis .   e - +0 mace
rCold    . . .     Gourm    .   (no shield)
rNeg     + . .     Faith    .   j - +0 ring mail {rF+}
rPois    ∞         Spirit   .   (no helmet)
rElec    +         Reflect  .   f - +2 cloak
rCorr    .         Harm     .   (no gloves)
MR       .....                  (no boots)
Stlth    +.........             (no amulet)
HPRegen  0.10/turn              l - ring of wizardry
MPRegen  0.11/turn              o - +6 ring of intelligence

@: no status effects
A: negative energy resistance 1, electricity resistance, unbreathing,
petrification resistance, rot immunity, AC +4
a: no special abilities


You were on level 4 of the Dungeon.
You were not hungry.

You visited 1 branch of the dungeon, and saw 4 of its levels.

You collected 160 gold pieces.

Inventory:

Hand Weapons
 e - a +0 mace (weapon)
Missiles
 k - 49 stones (quivered)
Armour
 a - a +0 robe
 f - a +2 cloak (worn)
 h - a +1 ring mail
 j - a +0 ring mail of fire resistance (worn)
Jewellery
 l - a ring of wizardry (left hand)
 o - a +6 ring of intelligence (right hand)
Wands
 q - a wand of flame (16)
Potions
 b - 3 potions of heal wounds
 d - a potion of flight
 g - 2 potions of berserk rage
 i - a potion of ambrosia {unknown}
 m - 3 potions of curing
 n - a potion of lignification {unknown}
Comestibles
 c - 3 rations


   Skills:
 * Level 1.9 Fighting
 * Level 1.9 Maces & Flails
 * Level 2.5 Armour
 + Level 2.0 Dodging
 + Level 2.2 Stealth
 + Level 2.5 Spellcasting
 + Level 1.5 Conjurations
 + Level 3.4 Fire Magic


You had 3 spell levels left.
You knew the following spells:

 Your Spells              Type           Power        Failure   Level  Hunger
a - Foxfire               Conj/Fire      ##..         4%          1    None
b - Fireball              Conj/Fire      ##........   71%         5    ######.

Your spell library contained the following spells:

 Spells                   Type           Power        Failure   Level  Hunger
 Conjure Flame            Conj/Fire      ##......     12%         3    ###....
 Inner Flame              Hex/Fire       ##......     16%         3    ###....
 Sticky Flame             Conj/Fire      ##......     38%         4    ####...


Dungeon Overview and Level Annotations

Branches:
Dungeon (4/15)
 Temple: D:4-7

Altars:
Ashenzari


Innate Abilities, Weirdness & Mutations

You are resistant to torment.
Your stone body is resilient. (AC +4)
You are immune to poison.
You resist negative energy. (rN+)
You are resistant to electric shocks. (rElec)
You can survive without breathing.
You are immune to petrification.
You are immune to rotting.


Message History

The centaur is moderately wounded.
The centaur hits you but does no damage. x2
You hit the centaur.
The centaur is heavily wounded.
The centaur closely misses you.
The centaur hits you but does no damage.
You sock the centaur!
The centaur is severely wounded.
The centaur hits you.
* * * LOW HITPOINT WARNING * * *
The centaur hits you but does no damage.
You completely miss the centaur.
The centaur is severely wounded.
The centaur hits you.
* * * LOW HITPOINT WARNING * * *
The centaur closely misses you.
You barely miss the centaur.
The centaur is severely wounded.
The centaur barely misses you. The centaur hits you.
You die...

.............#
.............#
.........?...#
.......(.....# .
........(....#
..
.?...(....).##
...
#.......<(..#
..#
####.....(..#..#
###...c@..#
#####..## #..##
#..## #..## §.>#
.... ......
.....


You could see a centaur.

Vanquished Creatures
  A worker ant (D:3)
  6 adders
  A worm (D:2)
  5 dart slugs
  A leopard gecko (D:1)
  5 giant cockroaches
  5 hobgoblins
  9 jackals
  3 quokkas
  A ball python (D:2)
  5 bats
  2 frilled lizards (D:3)
  11 goblins
  9 kobolds
  10 rats
74 creatures vanquished.

Vanquished Creatures (others)
  129 foxfires
129 creatures vanquished.

Grand Total: 203 creatures vanquished

Notes
Turn   | Place    | Note
-------+----------+-------------------------------------------
     0 | D:1      | funkygono the Gargoyle Fire Elementalist began the quest
                  | for the Orb.
     0 | D:1      | Reached XP level 1. HP: 10/10 MP: 3/3
   240 | D:1      | Reached XP level 2. HP: 15/15 MP: 3/5
   661 | D:1      | Reached skill level 1 in Armour
   794 | D:1      | Reached XP level 3. HP: 20/20 MP: 4/6
  1348 | D:2      | Found a shattered altar of Ashenzari.
  1417 | D:2      | Reached skill level 1 in Maces & Flails
  1780 | D:2      | Reached XP level 4. HP: 24/24 MP: 2/7
  1790 | D:2      | Reached skill level 1 in Fighting
  2304 | D:3      | Reached XP level 5. HP: 13/30 MP: 8/8
  2491 | D:3      | Learned a level 5 spell: Fireball
  3472 | D:4      | Noticed a centaur
  3493 | D:4      | HP: 1/30 [centaur (4)]
  3494 | D:4      | Slain by a centaur

Illustrated notes

Levels and vault maps discovered:
D:1:      dpeg_arrival_rooms_a, layout_loops_ring, chequers_jeans,
          minmay_misc_feat_hallway, serial_bayou_pond_a, roderic_serpentine_path
D:2:      layout_basic, evilmike_ruin_ashenzari
D:3:      layout_basic
D:4:      layout_cave_pods, minmay_temple_entry_fiery

Skill      XL: |  1  2  3  4 |
---------------+-------------+-----
Armour         | 1 2 |  2.5
Dodging        | 2 |  2.0
Maces & Flails | 1 |  1.9
Fighting       | 1 |  1.9
Stealth        | |  2.2
Spellcasting   | |  2.5
Conjurations   | |  1.5
Fire Magic     | |  3.4

Action                   |  1- 3 |  4- 6 || total
-------------------------+-------+-------++-------
Melee: Mace              |    78 |   116 ||   194
 Cast: Foxfire           |    50 |    40 ||    90
  Use: Scroll            |     3 |     5 ||     8
 Stab: Sleeping          |       |     1 ||     1
  Eat: Chunk             |     4 |     5 ||     9
Armor: Robe              |    17 |       ||    17
       Ring mail         |    49 |    69 ||   118
Dodge: Dodged            |    66 |    83 ||   149
